 Dungeon Crawl Stone Soup version 0.20.1-1-g8b1a95d (console) character file.

97 bli the Chiller (level 4, 0/32 HPs)
             Began as a Barachi Ice Elementalist on July 23, 2017.
             Slain by Crazy Yiuf
             ... wielding a +4 quarterstaff of chaos
              (4 damage)
             ... on level 2 of the Dungeon.
             The game lasted 00:08:37 (1958 turns).

bli the Chiller (Barachi Ice Elementalist)          Turns: 1958, Time: 00:08:38

Health: 0/32       AC:  3    Str: 10    XL:     4   Next: 68%
Magic:  16/17      EV: 12    Int: 15    God:
Gold:   47         SH:  0    Dex: 13    Spells: 7/8 levels left

rFire    . . .     SeeInvis .   a - +2 dagger (venom)
rCold    . . .     Gourm    .   (no shield)
rNeg     . . .     Faith    .   h - +0 leather armour
rPois    .         Spirit   .   (no helmet)
rElec    .         Reflect  .   (no cloak)
rCorr    .         Harm     .   (no gloves)
MR       .....                  (no boots)
Stlth    ++........             (no amulet)
Regen    0.1/turn               r - ring of magical power
MPRegen  0.2/turn               (no ring)

@: slow
A: +LOS, swims, slowness 1, strong legs 1
a: Hop


You were on level 2 of the Dungeon.
You were hungry.

You visited 1 branch of the dungeon, and saw 2 of its levels.

You collected 47 gold pieces.

Inventory:

Hand Weapons
 a - a +2 dagger of venom (weapon)
 i - a +0 short sword
Missiles
 j - 128 stones (quivered)
Armour
 f - a +0 robe
 h - a +0 leather armour (worn)
 m - a +3 scale mail of magic resistance
 p - a +0 shield
 q - a +0 ring mail
Jewellery
 r - a ring of magical power (left hand)
Scrolls
 d - 2 scrolls of teleportation {unknown}
 g - a scroll of recharging {unknown}
 o - a scroll of remove curse {unknown}
 t - a scroll of immolation {unknown}
 v - 3 scrolls of amnesia {unknown}
Potions
 e - 2 potions of heal wounds {unknown}
 k - a potion of degeneration {unknown}
 l - a potion of magic {unknown}
 n - 2 potions of curing {unknown}
Books
 b - a book of Frost

   Spells                             Type                      Level
   a - Freeze                         Ice                          1
   b - Throw Frost                    Conjuration/Ice              2
   c - Ozocubu's Armour               Charms/Ice                   3
   d - Throw Icicle                   Conjuration/Ice              4
   e - Summon Ice Beast               Ice/Summoning                4
Comestibles
 c - 3 bread rations
 u - a royal jelly


   Skills:
 + Level 1.0 Fighting
 + Level 1.3 Short Blades
 * Level 0.8 Armour
 + Level 2.3 Dodging
 + Level 1.8 Stealth
 * Level 2.7 Spellcasting
   Level 1.1 Conjurations
 + Level 5.2 Ice Magic


You had 7 spell levels left.
You knew the following spells:

 Your Spells              Type           Power        Failure   Level  Hunger
a - Freeze                Ice            ###.         3%          1    #......


Dungeon Overview and Level Annotations

Branches:
Dungeon (2/15)

Altars:
The Shining One

Annotations:
D:2 Crazy Yiuf


Innate Abilities, Weirdness & Mutations

Shadows flee at your approach. (+LOS)
You can swim through water.
You cover ground slowly.
You can hop short distances.


Message History

Found a mace.
Crazy Yiuf shouts!
There is an open door here.
Crazy Yiuf completely misses you.
You closely miss Crazy Yiuf.
Crazy Yiuf hits you with a quarterstaff of chaos!
You closely miss Crazy Yiuf.
Crazy Yiuf hits you with a quarterstaff of chaos.
Space bends around you.
Casting: Freeze
Confirm with . or Enter, or press ? or * to list all spells.
Aiming: Freeze
Press: ? - help, Shift-Dir - straight line, f - Crazy Yiuf
Aim: Crazy Yiuf, wielding a quarterstaff of chaos and wearing a cloak You freeze Crazy Yiuf.
Crazy Yiuf is moderately wounded.
Crazy Yiuf hits you with a quarterstaff of chaos!
* * * LOW HITPOINT WARNING * * *
Crazy Yiuf freezes you.
You die...

.##.....([.####....###...........
.'.........# #....# #...........
.##........# ♣...♣♣ #.##...####.
.##.†......# ♣♣...♣ #......# #.
.##........# ♣♣.♣♣ #....#.# #.
.##........# ♣♣.♣ #....#.## #.
...........# ♣.♣♣ #....#..# #.
...........# ♣♣.♣ #....#..# #.
...........# ♣.♣♣ ####.#..###.
###......#.# ##'## ####.#......
###.....##.# #.@.# #....#......
.........).# #.g.# #....#......
........##.# #)..# #.#.##......
........##.# ##### #.#.##.#....
........##.# #.#+##+##...
........##.###########...........
........##.......#...............
.....#'###.......#...............
.................#...............
.................#.....#.##'####.
..........######.......#.##.# ##


You could see Crazy Yiuf.

Vanquished Creatures
  Terence (D:2)
  An adder (D:2)
  A worm (D:2)
  A dart slug (D:2)
  4 leopard geckos
  A ball python (D:2)
  7 bats
  9 goblins
  7 hobgoblins
  3 jackals (D:1)
  4 frilled lizards
  6 kobolds
  5 rats
50 creatures vanquished.

Notes
Turn   | Place    | Note
-------+----------+-------------------------------------------
     0 | D:1      | bli the Barachi Ice Elementalist began the quest for the Orb.
     0 | D:1      | Reached XP level 1. HP: 13/13 MP: 3/3
   231 | D:1      | Reached skill level 4 in Ice Magic
   231 | D:1      | Reached XP level 2. HP: 3/19 MP: 0/5
  1030 | D:1      | Reached XP level 3. HP: 24/24 MP: 4/6
  1179 | D:2      | Reached skill level 5 in Ice Magic
  1478 | D:2      | Found a runed door.
  1492 | D:2      | Noticed Terence
  1499 | D:2      | Reached XP level 4. HP: 19/30 MP: 5/7
  1503 | D:2      | Killed Terence
  1503 | D:2      | Reached skill level 1 in Short Blades
  1781 | D:2      | Reached skill level 1 in Fighting
  1791 | D:2      | Found a glowing golden altar of the Shining One.
  1953 | D:2      | Noticed Crazy Yiuf
  1958 | D:2      | Slain by Crazy Yiuf

Skill      XL: |  1  2  3  4 |
---------------+-------------+-----
Ice Magic      | 4 5 |  5.2
Short Blades   | 1 |  1.3
Fighting       | 1 |  1.0
Armour         | |  0.8
Dodging        | |  2.3
Stealth        | |  1.8
Spellcasting   | |  2.7
Conjurations   | |  1.1

Action                   |  1- 3 |  4- 6 || total
-------------------------+-------+-------++-------
Melee: Short sword       |    49 |       ||    49
       Unarmed           |     1 |       ||     1
       Dagger            |    33 |    19 ||    52
 Cast: Freeze            |    30 |    13 ||    43
 Abil: Hop               |       |     1 ||     1
 Stab: Sleeping          |     1 |     1 ||     2
  Eat: Chunk             |     3 |     1 ||     4
Armor: Leather armour    |    24 |     5 ||    29
Dodge: Dodged            |    79 |    16 ||    95
